General information
- name: BNet
- type: Ladder team game (AT/RT)
- host: Battle.net
- saver: DEAD.BAMBI
map: FullScaleAssault
- players: 8
- length: 35:12
- speed: Fast
- version: 1.26 W3XP
- replay type: Public
» download(196 KB)
Players
team 1 (winner)
Commandersquee (
orange | 60 APM | 652 actions | 10:47)
3 Mountain King
2 Storm Bolt
1 Bash
» actions
| Assign group hotkey | 15 | |
| Basic commands | 24 | |
| Build / train | 64 | |
| ESC pressed | 1 | |
| Enter build submenu | 25 | |
| Enter hero's abilities submenu | 4 | |
| Give item / drop item | 1 | |
| Remove unit from queue | 1 | |
| Right click | 149 | |
| Select / deselect | 114 | |
| Select group hotkey | 202 | |
| Use ability | 52 | |
652 total
» units
| Peasant | 17 | |
| Footman | 7 | |
| Goblin Shredder | 1 | |
| Dragonhawk Rider | 1 | |
| Gryphon Rider | 1 | |
27 total
» upgrades
| Masonry | 3 | |
| Swords | 2 | |
| Armor | 1 | |
| Lumber Harvesting | 1 | |
| Cloud | 1 | |
8 total
» buildings
| Lumber Mill | 1 | |
| Altar of Kings | 1 | |
| Farm | 10 | |
| Barracks | 1 | |
| Scout Tower | 7 | |
| Arcane Tower | 6 | |
| Town Hall | 1 | |
| Blacksmith | 1 | |
| Keep | 1 | |
| Guard Tower | 6 | |
| Arcane Vault | 1 | |
| Castle | 1 | |
| Gryphon Aviary | 3 | |
40 total
» build order
00:11 Lumber Mill
00:22 Altar of Kings
00:46 Farm
00:52 Farm
01:06 Barracks
01:43 Farm
01:51 Scout Tower
02:10 Scout Tower
02:39 Arcane Tower
02:39 Arcane Tower
02:40 Arcane Tower
03:01 Farm
03:09 Arcane Tower
04:15 Town Hall
04:20 Scout Tower
04:44 Blacksmith
04:47 Scout Tower
04:49 Scout Tower
04:51 Arcane Tower
04:52 Keep
05:52 Guard Tower
06:37 Guard Tower
06:43 Arcane Vault
06:54 Scout Tower
06:56 Scout Tower
07:14 Farm
07:25 Guard Tower
07:33 Castle
07:47 Farm
07:49 Farm
08:05 Farm
08:08 Gryphon Aviary
08:15 Gryphon Aviary
08:34 Gryphon Aviary
08:46 Guard Tower
08:55 Guard Tower
09:39 Farm
09:40 Farm
09:45 Guard Tower
» items
| Scroll of Regeneration | 3 | |
| Lesser Clarity Potion | 2 | |
| Ivory Tower | 2 | |
7 total

»
BARCZANDRECREVE (
blue | 12 APM | 400 actions | 33:43)
1 Lich
1 Frost Nova
» actions
| Basic commands | 16 | |
| Build / train | 31 | |
| Enter build submenu | 10 | |
| Enter hero's abilities submenu | 1 | |
| Right click | 135 | |
| Select / deselect | 190 | |
| Use ability | 17 | |
400 total
» units
» upgrades
» buildings
| Altar of Darkness | 1 | |
| Ziggurat | 6 | |
| Crypt | 2 | |
| Nerubian Tower | 1 | |
| Necropolis | 1 | |
11 total
» build order
00:50 Altar of Darkness
00:53 Ziggurat
01:04 Crypt
01:37 Ziggurat
02:45 Nerubian Tower
05:55 Ziggurat
05:57 Ziggurat
05:59 Crypt
07:47 Ziggurat
08:30 Ziggurat
27:18 Necropolis
LordLozl (
pink | 63 APM | 2201 actions | 35:12)
8 Archmage
3 Summon Water Elemental
3 Brilliance Aura
1 Mass Teleport
1 Blizzard
» actions
| Assign group hotkey | 145 | |
| Basic commands | 215 | |
| Build / train | 75 | |
| Enter build submenu | 64 | |
| Enter hero's abilities submenu | 8 | |
| Give item / drop item | 1 | |
| Right click | 601 | |
| Select / deselect | 410 | |
| Select group hotkey | 526 | |
| Use ability | 155 | |
2201 total
» units
| Peasant | 17 | |
| Footman | 4 | |
| Goblin Zeppelin | 1 | |
| Goblin Shredder | 2 | |
| Dragonhawk Rider | 3 | |
| Gryphon Rider | 3 | |
30 total
» upgrades
| Lumber Harvesting | 2 | |
| Masonry | 3 | |
| Magic Sentry | 1 | |
| Storm Hammers | 1 | |
| Swords | 3 | |
| Cloud | 1 | |
| Armor | 3 | |
| Animal War Training | 1 | |
15 total
» buildings
| Altar of Kings | 2 | |
| Barracks | 1 | |
| Farm | 13 | |
| Keep | 1 | |
| Town Hall | 2 | |
| Arcane Vault | 1 | |
| Lumber Mill | 2 | |
| Blacksmith | 2 | |
| Castle | 1 | |
| Scout Tower | 36 | |
| Guard Tower | 10 | |
| Gryphon Aviary | 6 | |
| Arcane Sanctum | 1 | |
78 total
» build order
00:51 Altar of Kings
00:57 Altar of Kings
00:58 Barracks
01:05 Farm
01:07 Farm
01:08 Farm
02:13 Farm
03:49 Keep
04:06 Town Hall
04:22 Arcane Vault
04:57 Lumber Mill
04:59 Farm
06:10 Blacksmith
07:07 Farm
07:11 Castle
08:02 Scout Tower
08:03 Scout Tower
08:03 Scout Tower
08:03 Scout Tower
08:05 Scout Tower
08:06 Scout Tower
08:07 Scout Tower
08:09 Scout Tower
08:36 Guard Tower
08:39 Guard Tower
09:23 Guard Tower
09:58 Guard Tower
10:31 Scout Tower
10:31 Scout Tower
10:32 Scout Tower
10:33 Scout Tower
10:33 Scout Tower
10:35 Scout Tower
10:40 Scout Tower
11:45 Guard Tower
12:12 Gryphon Aviary
12:13 Gryphon Aviary
12:14 Gryphon Aviary
12:16 Gryphon Aviary
12:54 Gryphon Aviary
12:56 Gryphon Aviary
13:00 Scout Tower
13:01 Scout Tower
13:01 Scout Tower
13:03 Scout Tower
13:03 Scout Tower
13:10 Scout Tower
13:10 Scout Tower
13:10 Scout Tower
13:12 Scout Tower
13:15 Scout Tower
13:31 Arcane Sanctum
14:21 Farm
17:35 Scout Tower
17:36 Scout Tower
17:37 Scout Tower
17:38 Scout Tower
17:40 Scout Tower
17:45 Scout Tower
17:47 Scout Tower
17:49 Scout Tower
17:51 Scout Tower
17:52 Scout Tower
17:53 Scout Tower
18:05 Guard Tower
18:26 Farm
18:28 Farm
18:29 Farm
18:29 Farm
18:31 Farm
18:45 Guard Tower
18:49 Town Hall
20:31 Blacksmith
20:34 Guard Tower
20:56 Guard Tower
21:07 Guard Tower
23:14 Lumber Mill
» items
| Scroll of Regeneration | 1 | |
| Periapt of Vitality | 1 | |
| Potion of Lesser Invulnerability | 1 | |
3 total
Tatars (
yellow | 75 APM | 2651 actions | 35:12)
10 Death Knight
3 Death Coil
3 Unholy Aura
1 Animate Dead
3 Death Pact
» actions
| Assign group hotkey | 30 | |
| Basic commands | 78 | |
| Build / train | 114 | |
| ESC pressed | 1 | |
| Enter build submenu | 41 | |
| Enter hero's abilities submenu | 10 | |
| Give item / drop item | 2 | |
| Remove unit from queue | 1 | |
| Right click | 1007 | |
| Select / deselect | 495 | |
| Select group hotkey | 739 | |
| Use ability | 133 | |
2651 total
» units
| Acolyte | 10 | |
| Ghoul | 7 | |
| Crypt Fiend | 7 | |
| Frost Wyrm | 17 | |
| Goblin Shredder | 1 | |
| Dragonhawk Rider | 1 | |
43 total
» upgrades
| Backpack | 1 | |
| Creature Attack | 3 | |
| Creature Carapace | 3 | |
| Web | 1 | |
| Freezing Breath | 1 | |
| Unholy Strength | 3 | |
| Unholy Armor | 3 | |
| Destroyer Form | 1 | |
| Disease Cloud | 1 | |
| Exhume Corpses | 1 | |
| Ghoul Frenzy | 1 | |
| Gunpowder | 1 | |
| Plating | 1 | |
| Defend | 1 | |
22 total
» buildings
| Altar of Darkness | 1 | |
| Ziggurat | 20 | |
| Crypt | 2 | |
| Graveyard | 1 | |
| Tomb of Relics | 1 | |
| Nerubian Tower | 4 | |
| Spirit Tower | 12 | |
| Necropolis | 5 | |
| Halls of the Dead | 1 | |
| Black Citadel | 1 | |
| Sacrificial Pit | 1 | |
| Boneyard | 2 | |
| Slaughterhouse | 2 | |
53 total
» build order
00:09 Altar of Darkness
00:09 Ziggurat
00:35 Crypt
00:37 Crypt
01:04 Graveyard
01:14 Tomb of Relics
01:32 Ziggurat
02:05 Nerubian Tower
03:36 Ziggurat
03:53 Spirit Tower
05:10 Necropolis
05:45 Halls of the Dead
05:46 Spirit Tower
07:03 Ziggurat
07:05 Ziggurat
07:09 Ziggurat
07:10 Ziggurat
07:58 Nerubian Tower
08:01 Spirit Tower
08:01 Spirit Tower
08:07 Nerubian Tower
08:08 Spirit Tower
08:16 Black Citadel
08:34 Sacrificial Pit
08:37 Ziggurat
08:48 Ziggurat
09:47 Spirit Tower
09:47 Spirit Tower
09:51 Ziggurat
10:50 Boneyard
10:51 Boneyard
10:55 Spirit Tower
15:18 Ziggurat
15:19 Ziggurat
15:19 Ziggurat
18:32 Spirit Tower
18:39 Nerubian Tower
18:40 Spirit Tower
20:13 Necropolis
20:30 Ziggurat
20:31 Ziggurat
20:31 Ziggurat
20:32 Ziggurat
21:40 Spirit Tower
21:51 Ziggurat
21:52 Ziggurat
22:32 Ziggurat
22:52 Slaughterhouse
22:53 Slaughterhouse
24:18 Spirit Tower
28:53 Necropolis
28:58 Necropolis
33:01 Necropolis
» items
| Rod of Necromancy | 5 | |
| Dust of Appearance | 1 | |
| Periapt of Vitality | 1 | |
| Staff of Teleportation | 1 | |
| Potion of Healing | 3 | |
| Scroll of Town Portal | 4 | |
| Potion of Mana | 1 | |
| Scroll of Healing | 2 | |
| Scroll of Regeneration | 1 | |
19 total
team 2 (loser)

»
KillaManJahRo (
teal | 44 APM | 1055 actions | 23:48)
4 Death Knight
2 Death Coil
1 Unholy Aura
1 Death Pact
2 Dark Ranger
1 Black Arrow
1 Silence
» actions
| Assign group hotkey | 7 | |
| Basic commands | 95 | |
| Build / train | 71 | |
| Enter build submenu | 29 | |
| Enter hero's abilities submenu | 6 | |
| Give item / drop item | 2 | |
| Remove unit from queue | 2 | |
| Right click | 295 | |
| Select / deselect | 329 | |
| Select group hotkey | 146 | |
| Use ability | 73 | |
1055 total
» units
| Acolyte | 21 | |
| Ghoul | 4 | |
| Crypt Fiend | 6 | |
| Goblin Zeppelin | 1 | |
| Goblin Shredder | 1 | |
| Frost Wyrm | 3 | |
| Gargoyle | 3 | |
39 total
» upgrades
| Web | 1 | |
| Freezing Breath | 1 | |
| Creature Attack | 2 | |
| Creature Carapace | 1 | |
5 total
» buildings
| Ziggurat | 20 | |
| Crypt | 5 | |
| Graveyard | 1 | |
| Altar of Darkness | 2 | |
| Halls of the Dead | 2 | |
| Black Citadel | 1 | |
| Sacrificial Pit | 1 | |
| Spirit Tower | 3 | |
| Necropolis | 3 | |
| Boneyard | 4 | |
| Nerubian Tower | 1 | |
43 total
» build order
00:09 Ziggurat
00:12 Crypt
00:32 Graveyard
01:01 Ziggurat
01:25 Altar of Darkness
03:11 Ziggurat
04:55 Halls of the Dead
06:10 Ziggurat
06:12 Ziggurat
06:13 Ziggurat
06:15 Ziggurat
06:31 Ziggurat
07:39 Black Citadel
07:43 Sacrificial Pit
08:25 Spirit Tower
12:16 Necropolis
12:21 Crypt
12:30 Boneyard
12:31 Boneyard
12:57 Ziggurat
12:58 Nerubian Tower
13:48 Necropolis
14:36 Necropolis
16:46 Ziggurat
16:46 Ziggurat
16:48 Ziggurat
16:49 Ziggurat
17:01 Ziggurat
17:01 Ziggurat
17:17 Ziggurat
17:17 Ziggurat
17:18 Ziggurat
17:46 Ziggurat
17:47 Ziggurat
18:23 Spirit Tower
18:26 Halls of the Dead
18:44 Boneyard
18:45 Boneyard
18:51 Spirit Tower
21:52 Altar of Darkness
21:58 Crypt
22:07 Crypt
22:43 Crypt
» items
| Periapt of Vitality | 2 | |
| Scroll of Regeneration | 1 | |
| Lesser Clarity Potion | 1 | |
| Potion of Healing | 1 | |
| Scroll of Healing | 2 | |
| Scroll of Protection | 2 | |
| Potion of Lesser Invulnerability | 1 | |
10 total
Mariam (
purple | 47 APM | 1047 actions | 22:29)
5 Blademaster
2 Wind Walk
3 Critical Strike
4 Pandaren Brewmaster
2 Drunken Haze
2 Drunken Brawler
» actions
| Assign group hotkey | 15 | |
| Basic commands | 6 | |
| Build / train | 76 | |
| Enter build submenu | 19 | |
| Enter hero's abilities submenu | 9 | |
| Give item / drop item | 6 | |
| Remove unit from queue | 3 | |
| Right click | 371 | |
| Select / deselect | 254 | |
| Select group hotkey | 237 | |
| Use ability | 51 | |
1047 total
» units
| Peon | 16 | |
| Grunt | 3 | |
| Wind Rider | 7 | |
| Blue Drake | 1 | |
| Shaman | 4 | |
| Troll Batrider | 8 | |
| Troll Witch Doctor | 2 | |
41 total
» upgrades
| Berserker Strength | 1 | |
| Armor | 3 | |
| Ranged Weapons | 3 | |
| Envenomed Spears | 1 | |
| Reinforced Defenses | 1 | |
| Shaman Training | 2 | |
| Spiked Barricades | 1 | |
12 total
» buildings
| Orc Burrow | 7 | |
| Altar of Storms | 1 | |
| Barracks | 1 | |
| Stronghold | 1 | |
| Voodoo Lounge | 1 | |
| Beastiary | 3 | |
| Great Hall | 1 | |
| War Mill | 1 | |
| Fortress | 1 | |
| Spirit Lodge | 1 | |
| Tauren Totem | 1 | |
19 total
» build order
00:18 Orc Burrow
00:44 Altar of Storms
01:22 Orc Burrow
01:32 Barracks
02:36 Stronghold
03:00 Voodoo Lounge
04:08 Orc Burrow
05:27 Beastiary
05:29 Beastiary
05:43 Great Hall
05:50 War Mill
06:29 Orc Burrow
08:38 Fortress
11:08 Orc Burrow
11:28 Orc Burrow
12:35 Spirit Lodge
15:28 Orc Burrow
22:14 Beastiary
22:21 Tauren Totem
» items
| Healing Salve | 2 | |
| Boots of Speed | 2 | |
| Potion of Lesser Invulnerability | 1 | |
| Orb of Lightning | 2 | |
7 total
DEAD.BAMBI (
green | 60 APM | 2108 actions | 35:12)
6 Archmage
3 Summon Water Elemental
2 Brilliance Aura
1 Mass Teleport
» actions
| Assign group hotkey | 46 | |
| Basic commands | 131 | |
| Build / train | 86 | |
| Enter build submenu | 34 | |
| Enter hero's abilities submenu | 6 | |
| Give item / drop item | 2 | |
| Remove unit from queue | 2 | |
| Right click | 684 | |
| Select / deselect | 312 | |
| Select group hotkey | 667 | |
| Use ability | 138 | |
2108 total
» units
| Peasant | 22 | |
| Footman | 4 | |
| Goblin Shredder | 2 | |
| Goblin Zeppelin | 1 | |
| Gryphon Rider | 5 | |
| Siege Engine | 2 | |
36 total
» upgrades
| Masonry | 3 | |
| Lumber Harvesting | 1 | |
| Swords | 3 | |
| Armor | 3 | |
| Animal War Training | 1 | |
| Storm Hammers | 1 | |
| Gunpowder | 2 | |
| Flying Machine Bombs | 1 | |
| Flak Cannons | 1 | |
| Barrage | 1 | |
17 total
» buildings
| Altar of Kings | 2 | |
| Barracks | 1 | |
| Farm | 9 | |
| Scout Tower | 37 | |
| Arcane Tower | 1 | |
| Lumber Mill | 2 | |
| Town Hall | 4 | |
| Guard Tower | 15 | |
| Keep | 1 | |
| Blacksmith | 1 | |
| Arcane Vault | 1 | |
| Castle | 1 | |
| Gryphon Aviary | 6 | |
| Workshop | 3 | |
84 total
» build order
00:08 Altar of Kings
00:21 Barracks
00:36 Farm
00:51 Farm
01:35 Scout Tower
01:39 Farm
02:06 Arcane Tower
03:27 Lumber Mill
03:43 Town Hall
03:46 Scout Tower
03:47 Scout Tower
03:55 Scout Tower
04:35 Farm
04:42 Guard Tower
04:58 Guard Tower
06:24 Keep
06:56 Blacksmith
07:01 Arcane Vault
07:06 Scout Tower
07:07 Scout Tower
07:07 Scout Tower
07:08 Scout Tower
07:08 Scout Tower
07:09 Scout Tower
07:09 Scout Tower
07:11 Scout Tower
07:11 Scout Tower
07:16 Farm
07:54 Guard Tower
08:20 Scout Tower
08:20 Scout Tower
08:23 Guard Tower
08:58 Town Hall
09:06 Scout Tower
09:07 Scout Tower
09:07 Scout Tower
09:07 Scout Tower
09:11 Scout Tower
09:11 Scout Tower
09:15 Castle
09:19 Guard Tower
09:40 Guard Tower
09:51 Lumber Mill
09:58 Guard Tower
10:10 Guard Tower
10:27 Scout Tower
10:27 Scout Tower
10:28 Scout Tower
10:45 Gryphon Aviary
10:46 Gryphon Aviary
10:47 Gryphon Aviary
11:04 Town Hall
11:07 Guard Tower
11:12 Guard Tower
11:21 Gryphon Aviary
11:26 Farm
11:27 Farm
11:27 Farm
11:28 Farm
11:57 Gryphon Aviary
14:16 Gryphon Aviary
14:29 Workshop
14:30 Workshop
14:31 Workshop
27:41 Altar of Kings
30:18 Scout Tower
30:19 Scout Tower
30:19 Scout Tower
30:21 Scout Tower
30:21 Scout Tower
30:22 Scout Tower
30:22 Scout Tower
30:23 Scout Tower
30:23 Scout Tower
30:40 Scout Tower
30:40 Scout Tower
30:44 Scout Tower
30:44 Scout Tower
31:01 Guard Tower
31:03 Guard Tower
31:12 Guard Tower
32:09 Guard Tower
32:53 Town Hall
» items
| Healing Salve | 2 | |
| Staff of Teleportation | 1 | |
| Potion of Lesser Invulnerability | 1 | |
| Scroll of Town Portal | 1 | |
5 total
ZAIKO (
red | 30 APM | 834 actions | 27:52)
3 Shadow Hunter
2 Serpent Ward
1 Healing Wave
1 Tauren Chieftain
1 Shockwave
» actions
| Basic commands | 1 | |
| Build / train | 71 | |
| Enter build submenu | 18 | |
| Enter hero's abilities submenu | 4 | |
| Remove unit from queue | 3 | |
| Right click | 446 | |
| Select / deselect | 240 | |
| Use ability | 51 | |
834 total
» units
| Peon | 12 | |
| Grunt | 8 | |
| Troll Headhunter/Berserker | 17 | |
| Raider | 8 | |
| Wind Rider | 1 | |
| Troll Witch Doctor | 1 | |
| Tauren | 4 | |
51 total
» upgrades
| Ensnare | 1 | |
| Troll Regeneration | 1 | |
| Berserker Strength | 1 | |
| Berserker Upgrade | 1 | |
| Envenomed Spears | 1 | |
| Pulverize | 1 | |
| Witch Doctor Training | 2 | |
8 total
» buildings
| Altar of Storms | 1 | |
| Orc Burrow | 4 | |
| War Mill | 1 | |
| Barracks | 1 | |
| Stronghold | 2 | |
| Beastiary | 1 | |
| Great Hall | 2 | |
| Fortress | 1 | |
| Spirit Lodge | 1 | |
| Tauren Totem | 1 | |
| Watch Tower | 2 | |
17 total
» build order
00:09 Altar of Storms
00:22 Orc Burrow
00:38 War Mill
01:34 Barracks
02:32 Orc Burrow
04:00 Orc Burrow
04:29 Stronghold
04:30 Stronghold
05:04 Orc Burrow
07:20 Beastiary
08:15 Great Hall
08:24 Fortress
08:33 Spirit Lodge
11:21 Tauren Totem
20:34 Watch Tower
20:50 Watch Tower
21:56 Great Hall
Chat log
(00:06 / All) LordLozl: Alright then
(00:22 / Allies) KillaManJahRo: 100 gold plz
(00:33 / Allies) KillaManJahRo: ty
(00:39 / All) BARCZANDRECREVE: THERE SO MUCH MOUNTAIN TEAL WHAT THE DEAL WITH THAT ONE?
(00:56 / All) KillaManJahRo: its sounds better than everest
(01:05 / All) DEAD.BAMBI: MOUNT KILAMAJARO
(01:14 / All) DEAD.BAMBI: MOUNT MCKINLEY
(01:19 / All) DEAD.BAMBI: WHTIE MOUNTAIN
(01:50 / Allies) ZAIKO: cmon mariam
(01:54 / Allies) KillaManJahRo: F & F here
(01:55 / Allies) Mariam: wasup
(02:03 / Allies) DEAD.BAMBI: f and f?
(02:10 / Allies) Mariam: fiend frost
(02:11 / Allies) KillaManJahRo: fiends and frost
(02:26 / Allies) ZAIKO: no ablo ingles
(02:30 / Allies) Mariam: k
(03:50 / Allies) DEAD.BAMBI: wood
(03:51 / Allies) DEAD.BAMBI: plz
(03:55 / Allies) Mariam: red is nub
(04:19 / Allies) Mariam: green help me with my mine?
(04:30 / Allies) DEAD.BAMBI: i need a shredder tho ok?
(04:50 / Allies) Mariam: yah
(04:50 / Allies) Mariam: k
(05:01 / All) BARCZANDRECREVE: QUESTION QUESTION
(07:17 / Allies) DEAD.BAMBI: wood
(07:18 / Allies) DEAD.BAMBI: plz
(07:34 / Allies) Mariam: you gotta shredder
(09:48 / Allies) Mariam: creep mid
(09:50 / Allies) Mariam: lesgo
(09:52 / Allies) KillaManJahRo: wtf green
(09:55 / Allies) KillaManJahRo: u dont need 2 man
(10:00 / Allies) DEAD.BAMBI: sorry
(10:14 / Allies) Mariam: red come
(12:07 / Allies) Mariam: red's new
(12:14 / Allies) DEAD.BAMBI: creep mid
(12:16 / All) BARCZANDRECREVE: FUCK OFF
(12:19 / Allies) Mariam: not enough aa
(12:23 / All) BARCZANDRECREVE: I RESUME
(12:26 / All) BARCZANDRECREVE: EVERYTIME
(12:30 / All) BARCZANDRECREVE: TRY IT
(12:32 / All) BARCZANDRECREVE: BITCHES
(12:37 / Allies) DEAD.BAMBI: we can take it
(12:38 / Allies) Mariam: red get casters
(12:38 / Allies) DEAD.BAMBI: come
(12:44 / Allies) Mariam: mostly
(17:40 / Allies) Mariam: yeah red lesgo
(19:24 / Allies) KillaManJahRo: llok at this cunt
(19:27 / Allies) DEAD.BAMBI: lawl
(19:30 / Allies) DEAD.BAMBI: give me back my item
(19:31 / Allies) DEAD.BAMBI: teal
(20:47 / All) Tatars: that expo worth your armies, faggots?
(20:53 / Allies) Mariam: green
(20:56 / Allies) Mariam: wtf man
(21:00 / Allies) DEAD.BAMBI: teal
(21:02 / Allies) DEAD.BAMBI: tked me first
(21:04 / Allies) Mariam: why you doin that
(21:10 / Allies) DEAD.BAMBI: teal tked me first
(21:11 / Allies) DEAD.BAMBI: thats why
(21:20 / Allies) Mariam: red
(21:21 / Allies) Mariam: back
(21:23 / Allies) Mariam: leave it
(21:37 / Allies) Mariam: green
(21:38 / All) KillaManJahRo: green is a bitch ass BSer
(21:39 / Allies) Mariam: that's enough
(21:44 / All) DEAD.BAMBI: lawl
(21:46 / Allies) Mariam: we could have won this
(21:48 / All) DEAD.BAMBI: tl is a bser
(22:34 / All) Tatars: out
(23:00 / All) Tatars: you can leave now
(23:13 / All) DEAD.BAMBI: teal got raped
(23:13 / All) DEAD.BAMBI: lawl
(23:46 / All) Tatars: bye
(23:49 / All) DEAD.BAMBI: why are u still here teal
(23:50 / All) DEAD.BAMBI: lalw
(24:02 / All) DEAD.BAMBI: how the hell did u guys let red kill ur expo top right
(24:04 / All) DEAD.BAMBI: he is really bad
(24:17 / All) Tatars: turncoat was just getting his army
(24:22 / All) Tatars: with multiple aviaries
(24:32 / All) Tatars: it was no issue, 2 armies for 1 expo is no big deal
(24:52 / Allies) ZAIKO: pinche pendejos
(24:58 / All) DEAD.BAMBI: red speakign in spanish
(25:03 / All) DEAD.BAMBI: "pinche pendejos"
(25:09 / Allies) ZAIKO: yesx
(25:20 / All) Tatars: what a faggot
(25:22 / Allies) ZAIKO: i speak spanihsb
(25:28 / All) Tatars: he should speak Latin instead
(25:33 / All) Tatars: or Gaulish
(25:35 / Allies) ZAIKO: si wey
(25:42 / All) DEAD.BAMBI: ewtf happened ur side
(25:46 / All) DEAD.BAMBI: blue and orange were tkers?
(25:51 / All) LordLozl: Blue wanted to feed orange
(26:00 / All) Tatars: Then he bsed with ghouls
(26:04 / All) LordLozl: Orange tried to tell him how to play and started attacking his hero telling him to get units
(26:05 / All) Tatars: we 2v4ed your team lol
(26:07 / Allies) ZAIKO: you speak spanhis
(26:12 / All) DEAD.BAMBI: lawl
(26:14 / All) BARCZANDRECREVE: ARE YOU FUCKER GONNA LOSE 4VS2???
(26:16 / All) LordLozl: Blue was like OKAY I WILL GET MY REVENGE but said it really sneaky
(26:21 / All) LordLozl: Then slowly massed ghouls
(26:24 / All) LordLozl: and then bsed orange
(26:25 / All) DEAD.BAMBI: blue im ggonna rape pink and yellow watch
(26:28 / All) LordLozl: orange acted surprised
(26:55 / All) BARCZANDRECREVE: THAT EXACTLY WHAT HAPPEN
(26:56 / All) DEAD.BAMBI: DIE
(26:57 / All) DEAD.BAMBI: BLUE
(26:57 / All) DEAD.BAMBI: DIE
(26:58 / All) BARCZANDRECREVE: WELL SAID
(27:13 / Allies) ZAIKO: pinches pendejos no saben jugar
(27:23 / Allies) ZAIKO: greeen
(27:25 / All) DEAD.BAMBI: noob alies i swear
(27:58 / All) Tatars: blue is still here
(28:03 / All) Tatars: not talking though probably afk
(28:07 / All) DEAD.BAMBI: i have like 15k gold
(28:11 / All) DEAD.BAMBI: teal was sneaky
(28:18 / All) BARCZANDRECREVE: I WAS SMOKING A BLUNT OUTSIDE
(28:20 / All) DEAD.BAMBI: start kiling ur base rod
(28:23 / All) Tatars: blue is rebuilding actually lol
(28:25 / All) BARCZANDRECREVE: NOW I WATCH THE END
(28:29 / All) Tatars: k I can unsummon
(28:57 / All) BARCZANDRECREVE: W.E FLOAT YOUR BOAT RETARD
(28:59 / All) LordLozl: Leave you dumbass bitch
(28:59 / All) BARCZANDRECREVE: :)
(29:03 / All) BARCZANDRECREVE: PTFFFF
(29:08 / All) BARCZANDRECREVE: LIKE I LEAVE
(29:10 / All) LordLozl: You're worthless
(29:13 / All) BARCZANDRECREVE: CUZ YOU SAID SO
(29:16 / All) BARCZANDRECREVE: REALLY DUMB
(29:19 / All) BARCZANDRECREVE: 1ON1??
(29:22 / All) BARCZANDRECREVE: WILL SEE BITCH
(29:27 / All) BARCZANDRECREVE: 49% NOOB
(29:27 / All) LordLozl: You're an embarassment to humans everywhere
(29:31 / All) BARCZANDRECREVE: DODGE
(29:34 / All) BARCZANDRECREVE: DODGE
(29:35 / All) LordLozl: lol
(29:35 / All) BARCZANDRECREVE: ME MORE
(29:39 / All) BARCZANDRECREVE: LITTLE QUEER
(29:45 / All) BARCZANDRECREVE: 49% FGGOT
(29:50 / All) LordLozl: He's 75%
(29:52 / All) LordLozl: Very impressive
(29:53 / All) LordLozl: 3-1
(29:58 / All) DEAD.BAMBI: works for me
(30:03 / All) BARCZANDRECREVE: ACTUALLY
(30:09 / All) BARCZANDRECREVE: 59% 450 GAMES
(30:18 / All) Tatars: 59% lol
(30:21 / All) LordLozl: Wow
(30:33 / All) LordLozl: Warcraft superstar
(31:19 / All) BARCZANDRECREVE: THESE GUY MUST BE FUCKIN DRUNK LOL
(31:25 / All) BARCZANDRECREVE: THERE SO STUPID
(31:27 / All) DEAD.BAMBI: LAWL
(31:29 / All) DEAD.BAMBI: i know
(31:30 / All) BARCZANDRECREVE: KILLIN OJ
(31:32 / All) DEAD.BAMBI: pink and yellow suck
(31:37 / All) BARCZANDRECREVE: YEAH GREEN
(31:43 / All) BARCZANDRECREVE: THERE 45% NOOB
(31:47 / All) BARCZANDRECREVE: TALKING SHIT
(31:58 / All) BARCZANDRECREVE: I CAN OWN THEM BOTH SOLO
(31:59 / All) DEAD.BAMBI: blue are u mexican
(32:07 / All) BARCZANDRECREVE: I MAKE GAME FOR A LIVING
(32:09 / All) BARCZANDRECREVE: NO WAY
(32:25 / All) BARCZANDRECREVE: IM AMERICAN
(32:36 / All) BARCZANDRECREVE: OHHH
(32:44 / All) BARCZANDRECREVE: I SEE WHAT THOSE IDIOT ARE DOING
(32:49 / All) DEAD.BAMBI: what they doing
(32:52 / All) BARCZANDRECREVE: AND IT WONT WORK
(32:55 / All) LordLozl: You lose lol
(32:58 / All) BARCZANDRECREVE: UNSUMON EVERYTHING
(33:04 / All) BARCZANDRECREVE: THEY THINK
(33:07 / All) BARCZANDRECREVE: I WANT THE WIN
(33:11 / All) BARCZANDRECREVE: ON A JOKE ACCOUNT
(33:13 / All) LordLozl: We don't care
(33:18 / All) LordLozl: You aren't going to win
(33:20 / All) DEAD.BAMBI: whats ur main blue
(33:21 / All) BARCZANDRECREVE: WELL LOOK AT THIS IDIOT
(33:26 / All) LordLozl: Regardless of whether you want to or not
(33:31 / All) BARCZANDRECREVE: THEREFLETINGOD
(33:34 / All) BARCZANDRECREVE: STAT IT
(33:38 / All) BARCZANDRECREVE: BEST RECORD HERE
(33:40 / All) BARCZANDRECREVE: SEE YA
(33:49 / All) Tatars: Which team gets the loss?
(33:49 / All) LordLozl: Which team to lose?
(34:02 / All) LordLozl: His has 3 legit players
(34:04 / All) Tatars: our was 2 faggots doubt they care or have the intelligence to know what a record is
(34:09 / All) LordLozl: Orange should probably get a loss
(34:11 / All) LordLozl: Since he is retarded
(34:13 / All) DEAD.BAMBI: teal tried really hard
(34:16 / All) DEAD.BAMBI: he wanted it badly
(34:18 / All) LordLozl: He attacked his hero
(34:19 / All) DEAD.BAMBI: he talked some shit
(34:25 / All) LordLozl: and didn't even think he was gonna get bsed afterwards
(34:36 / All) Tatars: Purp is 24-15 tryhard
(34:53 / All) LordLozl: Since he has 3 legit players his team should get loss?
(34:54 / All) Tatars: Teal is 346-343
(34:58 / All) DEAD.BAMBI: mine needs to lose ok
(35:03 / All) DEAD.BAMBI: can we take ten min break?
(35:04 / All) Tatars: Red is 0-1
(35:07 / All) LordLozl: k
(35:09 / All) Tatars: yeah, msn